 Dungeon Crawl Stone Soup version 0.19-a0-1442-g3b32ff5 (webtiles) character file.

43 mopl the Changer (level 3, 1/17 HPs)
             Began as a Spriggan Transmuter on Sept 5, 2016.
             Quit the game on level 2 of the Dungeon.
             The game lasted 00:02:54 (1096 turns).

mopl the Changer (Spriggan Transmuter)              Turns: 1096, Time: 00:02:55

Health: 1/17       AC:  2    Str: 12    XL:     3   Next: 37%
Magic:  1/8        EV: 18    Int: 14    God:
Gold:   16         SH:  0    Dex: 16    Spells: 2 memorised, 4 levels left

rFire  . . .     SeeInvis +       - Unarmed
rCold  . . .     Gourm    .     b - +0 robe
rNeg   . . .     Faith    .     (shield restricted)
rPois  .         Spirit   .     (helmet restricted)
rElec  .         Dismiss  .     (no cloak)
rCorr  .         Reflect  .     (gloves unavailable)
MR     .....     Harm     .     (boots unavailable)
Stlth  +.........               (no amulet)
                                (no ring)
                                (no ring)

@: mighty, lethally poisoned (1 -> -19), appendage (expiring), very quick
A: unfitting armour, horns 2, see invisible, herbivore 3, speed 3, slow
metabolism 2
a: End Transformation


You were on level 2 of the Dungeon.
You were not hungry.
You had grown temporary horns.
You visited 1 branch of the dungeon, and saw 2 of its levels.

You collected 16 gold pieces.

Inventory:

Hand Weapons
 h - a +0 dagger
 j - a +2 dagger of venom
Missiles
 a - 9 arrows
Armour
 b - a +0 robe (worn)
Scrolls
 e - a scroll of amnesia {unknown}
 f - a scroll of enchant armour {unknown}
 g - a scroll of enchant weapon {unknown}
 i - a scroll of blinking {unknown}
Books
 c - a book of Changes

   Spells                             Type                      Level
   a - Beastly Appendage              Transmutation                1
   b - Sticks to Snakes               Transmutation                2
   c - Spider Form                    Transmutation/Poison         3
   d - Ice Form                       Ice/Transmutation            4
   e - Blade Hands                    Transmutation                5
Comestibles
 d - a bread ration


   Skills:
 - Level 0.7 Fighting
 - Level 3.0 Dodging
 * Level 3.3 Unarmed Combat
 - Level 2.6 Spellcasting
 + Level 3.6 Transmutations


You had 4 spell levels left.
You knew the following spells:

 Your Spells              Type           Power        Failure   Level  Hunger
a - Beastly Appendage     Tmut           ##....       6%          1    #......
w - Sticks to Snakes      Tmut           ##......     10%         2    ###....


Dungeon Overview and Level Annotations

Branches:
Dungeon (2/15)

Altars:


Innate Abilities, Weirdness & Mutations

You are tiny and cannot use many weapons and most armour.
You have supernaturally acute eyesight. (SInv)
You are a herbivore.
You cover ground extremely quickly.
You need consume almost no food.
You have a pair of horns on your head.


Message History

You kill Ijyb!
You have reached level 3!
Your experience leads to an increase in your attributes!
Increase (S)trength, (I)ntelligence, or (D)exterity?
You feel stronger.
* * * LOW HITPOINT WARNING * * *
You feel sick.
There are no items here.
It was a potion of might.
You feel very mighty all of a sudden.
Your transformation is almost over.
* * * LOW HITPOINT WARNING * * *
You feel sick.
* * * LOW HITPOINT WARNING * * *
You feel sick.
Things that are here:
a dagger of venom; a leather armour
j - a dagger of venom
* * * LOW HITPOINT WARNING * * *
You feel sick.
Are you sure you want to abandon this character and quit the game? (Confirm with "yes".)

#####...###.##
.......>......
##.###..###.###
#..............
#.......###.###
#.###...# #.# #
#.#.###.#
#.#..##.##############
##.##.##.#...@........#
#..................##.#
#..##.##†#.#######.##.#
#. #.##.#.# #.##.# #
#..#.#.# #.##.#
##.#.#.# #.##.# ...#.#
#.##.# #..#.# #.##.#
..#.# #.##.#


There were no monsters in sight!

Vanquished Creatures
  Ijyb (D:2)
  A dart slug (D:1)
  A giant gecko (D:2)
  A ball python (D:1)
  4 bats (D:1)
  5 goblins
  4 hobgoblins (D:1)
  A giant newt (D:1)
  A kobold (D:1)
  A rat (D:1)
20 creatures vanquished.

Notes
Turn   | Place    | Note
-------+----------+-------------------------------------------
     0 | D:1      | mopl the Spriggan Transmuter began the quest for the Orb.
     0 | D:1      | Reached XP level 1. HP: 9/9 MP: 5/5
   156 | D:1      | Reached skill level 3 in Transmutations
   479 | D:1      | Reached XP level 2. HP: 14/14 MP: 4/6
   485 | D:1      | Learned a level 2 spell: Sticks to Snakes
   916 | D:1      | Reached skill level 3 in Unarmed Combat
  1026 | D:2      | Noticed Ijyb
  1092 | D:2      | Killed Ijyb
  1092 | D:2      | Reached XP level 3. HP: 7/17 MP: 1/8
  1096 | D:2      | Quit the game

Vault maps used:
D:1:      evilmike_arrival_grusome_pit, serial_curves, eino_curves_01,
          eino_curves_04, eino_curves_01, grunt_decor_resistance
D:2:      uniq_iyjb

Skill      XL: |  1  2 |
---------------+-------+-----
Transmutations | 3 |  3.6
Unarmed Combat | 3 |  3.3
Fighting       | |  0.7
Dodging        | |  3.0
Spellcasting   | |  2.6

Action                   || total
-------------------------++-------
Melee: Unarmed           ||    96
       Kick              ||    12
       Headbutt          ||     4
 Cast: Beastly Appendage ||    18
       Sticks to Snakes  ||     3
  Use: Potion            ||     1
 Stab: Sleeping          ||     2
Armor: Robe              ||    21
Dodge: Dodged            ||    91
